 Dungeon Crawl Stone Soup version 0.27-a0-1273-gec92ba881d (webtiles) character file.

Game seed: 15470140384509214974

1388 soRTh the Covert (level 8, 0/43 HPs)
             Began as an Octopode Brigand on June 11, 2021.
             Was a Plaything of Xom.
             Slain by a killer bee (3 damage)
             ... on level 5 of the Dungeon.
             The game lasted 00:39:56 (6198 turns).

soRTh the Covert (Octopode Brigand)                 Turns: 6198, Time: 00:39:57

Health: 0/43       AC:  4    Str:  8    XL:     8   Next: 67%
Magic:  11/11      EV: 12    Int: 22    God:    Xom [.....*]
Gold:   158        SH:  0    Dex: 13    Spells: 7/7 levels left

rFire    + + .     SeeInvis +   l - +2 dagger (drain)
rCold    . . .     Faith    .   (no shield)
rNeg     . . .     Spirit   .   (helmet restricted)
rPois    +         Reflect  .   (no amulet)
rElec    .         Harm     .   f - +6 ring of intelligence
rCorr    .         Rampage  .   m - ring of see invisible
Will     .....                  p - ring of protection from cold
Stlth    +++++.....             r - ring of fire
HPRegen  0.14/turn              v - ring of flight
MPRegen  0.12/turn              (no ring)
                                (no ring)
                                (no ring)

@: brilliant, flying
A: almost no armour, amphibious, 8 rings, camouflage 1, gelatinous body 1,
(nimble swimmer 1), tentacles, iridescent scales 1, fire resistance 1, frail 2,
poison resistance, screaming 2, shaggy fur 1, weak 1
a: Renounce Religion


You were on level 5 of the Dungeon.
You worshipped Xom.
You were Xom's teddy bear.
You visited 1 branch of the dungeon, and saw 5 of its levels.
You also visited: Ossuary.

You collected 158 gold pieces.

Inventory:

Hand Weapons
 c - a +1 rapier of venom
 l - a +2 dagger of draining (weapon)
Missiles
 b - 18 poisoned darts (quivered)
 j - 6 boomerangs
 n - 2 curare-tipped darts
Jewellery
 f - a +6 ring of intelligence (left tentacle)
 m - a ring of see invisible (right tentacle)
 p - a ring of protection from cold (on tentacle)
 r - a ring of fire (on tentacle)
 v - a ring of flight (on tentacle)
Wands
 e - a wand of flame (9)
 o - a wand of acid (10)
Scrolls
 a - 3 scrolls of enchant weapon
 g - 5 scrolls of noise
 h - a scroll of immolation {unknown}
 s - 6 scrolls of identify
 u - a scroll of amnesia {unknown}
 w - 2 scrolls of blinking {unknown}
 x - a scroll of silence {unknown}
 y - 2 scrolls of fog {unknown}
 B - a scroll of enchant armour {unknown}
 C - a scroll of vulnerability {unknown}
Potions
 i - a potion of curing
 k - 2 potions of attraction {unknown}
 q - a potion of mutation {unknown}
 t - a potion of degeneration {unknown}
 z - a potion of ambrosia {unknown}


   Skills:
 + Level 4.6 Fighting
 + Level 4.6 Short Blades
 + Level 4.6 Throwing
 - Level 1.0 Dodging
 * Level 10.0 Stealth
 + Level 4.2 Invocations


You had 7 spell levels left.
You didn't know any spells.
Your spell library contained the following spells:

 Spells                   Type           Power      Damage    Failure   Level
 Corona                   Hex            0%         N/A       17%         1
 Slow                     Hex            0%         N/A       26%         2
 Inner Flame              Hex/Fire       0%         N/A       45%         3
 Portal Projectile        Hex/Tloc       0%         N/A       45%         3
 Cause Fear               Hex            0%         N/A       86%         4
 Leda's Liquefaction      Hex/Erth       0%         N/A       86%         4


Dungeon Overview and Level Annotations

Branches:
Dungeon (5/15)            Ossuary (visited)
 Temple: D:4-7

Altars:
Hepliaklqana
Ru
Sif Muna
Wu Jian
Xom


Innate Abilities, Weirdness & Mutations

You cannot wear most types of armour.
You are amphibious.
You can wear up to eight rings at the same time.
Your skin changes colour to match your surroundings (Stealth+).
Your rubbery body absorbs attacks. (AC +1, EV +1)
((You are camouflaged near water. (Stealth+)))
You have tentacles for arms and can constrict up to eight enemies at once.
You are partially covered in iridescent scales. (AC +2)
Your flesh is heat resistant. (rF+)
You are very frail. (-20% HP)
Your system is resistant to poisons. (rPois)
You frequently scream uncontrollably at your foes.
You are covered in fur. (AC +1)
You are weak. (Str -2)


Message History

* * * LOW HITPOINT WARNING * * *
You are poisoned.
The killer bee poisons you! The killer bee closely misses you.
The killer bee stings you.
* * * LOW HITPOINT WARNING * * *
It was a potion of curing.
You feel better. The killer bee stings you!
* * * LOW HITPOINT WARNING * * *
The killer bee barely misses you. The killer bee stings you.
* * * LOW HITPOINT WARNING * * *
The killer bee closely misses you.
You feel better. The killer bee barely misses you.
The killer bee stings you but does no damage.
The killer bee stings you.
The killer bee stings you but does no damage.
You hit the killer bee. Your grab misses the killer bee.
Your squeeze misses the killer bee.
The killer bee is heavily wounded.
The killer bee closely misses you. The killer bee barely misses you.
The killer bee stings you but does no damage.
You miss the killer bee. Your grab misses the killer bee.
The killer bee is heavily wounded.
The killer bee stings you. x2
* * * LOW HITPOINT WARNING * * *
You are poisoned.
The killer bee poisons you! The killer bee stings you.
* * * LOW HITPOINT WARNING * * *
You feel better.
The killer bee stings you but does no damage. x2
The killer bee stings you.
* * * LOW HITPOINT WARNING * * *
The killer bee stings you but does no damage.
You feel better. The killer bee stings you.
* * * LOW HITPOINT WARNING * * *
The killer bee stings you.
* * * LOW HITPOINT WARNING * * *
The killer bee stings you.
* * * LOW HITPOINT WARNING * * *
The killer bee stings you.
You die...
Xom roars with laughter!

#.[))†{#.# . #..#(#o#.# ..
#..#)#.#.###... #..#(#.#.....
#..#...#..# #..#.#.<..#
##..#####..Z..# ##
##....o##############
...###.#..#.#@)..........#
...........#.#yy..).......#
.......>....)..............#
..#...##..#>...............#
.<........#÷...............#
.......###.#.#.#............#####
...........#.#.#.§...............
...........#.P.#.§.§.P...........
..^........#.#.P..P....####......


You could see 2 killer bees.

Vanquished Creatures
  Sigmund (D:4)
  Eustachio (D:4)
  A boggart (Ossuary)
  An ogre (D:4)
  Blork the orc (D:4)
  4 scorpions (Ossuary)
  A killer bee (D:5)
  3 centaur zombies (Ossuary)
  2 human zombies (Ossuary)
  A hound (D:4)
  A bullfrog skeleton (D:2)
  Crazy Yiuf (D:2)
  Jessica (D:2)
  A scorpion zombie (Ossuary)
  2 orc wizards (D:5)
  3 hound skeletons
  3 mummies (Ossuary)
  An adder (D:5)
  A shadow imp (D:5)
  An adder skeleton (D:4)
  3 worms
  3 dart slugs
  8 orcs
  5 bats
  5 endoplasms
  A giant cockroach (D:3)
  4 gnoll zombies (Ossuary)
  8 goblins
  6 hobgoblins
  14 jackals
  9 kobolds
  6 quokkas
  5 ball pythons
  2 goblin zombies (Ossuary)
  3 hobgoblin zombies (Ossuary)
  2 kobold zombies (Ossuary)
  3 orc zombies (Ossuary)
  3 rats
121 creatures vanquished.

Vanquished Creatures (collateral kills)
  A black bear (D:5)
  8 orcs (D:5)
9 creatures vanquished.

Vanquished Creatures (others)
  A scorpion (Ossuary)
  A goblin zombie (Ossuary)
2 creatures vanquished.

Grand Total: 132 creatures vanquished

Notes
Turn   | Place    | Note
-------+----------+-------------------------------------------
     0 | D:1      | soRTh the Octopode Brigand began the quest for the Orb.
     0 | D:1      | Reached XP level 1. HP: 14/14 MP: 1/1
   293 | D:1      | Reached XP level 2. HP: 19/19 MP: 2/2
  1002 | D:1      | Reached XP level 3. HP: 24/24 MP: 3/3
  1442 | D:2      | Reached skill level 6 in Stealth
  1442 | D:2      | Reached skill level 1 in Invocations
  1442 | D:2      | Reached XP level 4. HP: 30/30 MP: 4/4
  1457 | D:2      | Noticed Jessica
  1460 | D:2      | Killed Jessica
  1540 | D:2      | Found a runed translucent door.
  1541 | D:2      | Noticed Crazy Yiuf
  2019 | D:2      | Reached XP level 5. HP: 34/35 MP: 6/6
  2430 | D:2      | Killed Crazy Yiuf
  2507 | D:3      | Found a shimmering altar of Xom.
  2512 | D:3      | Became a worshipper of Xom of Chaos
  2513 | D:3      | Found a faded altar of an unknown god.
  2530 | D:3      | XOM: silly message
  2681 | D:3      | XOM: divination: detect items
  2814 | D:3      | Found an ornate altar of the Wu Jian Council.
  2819 | D:3      | XOM: silly message
  2905 | D:3      | XOM: give mutations
  2905 | D:3      | Gained mutation: You occasionally shout uncontrollably at
                  | your foes. [Xom's mischief]
  2905 | D:3      | Gained mutation: You are frail. (-10% HP) [Xom's mischief]
  2905 | D:3      | Gained mutation: You frequently scream uncontrollably at
                  | your foes. [Xom's mischief]
  2905 | D:3      | Gained mutation: You are partially covered in iridescent
                  | scales. (AC +2) [Xom's mischief]
  3292 | D:4      | Reached skill level 7 in Stealth
  3412 | D:4      | XOM: give mutations
  3412 | D:4      | Gained mutation: Your flesh is heat resistant. (rF+) [Xom's
                  | grace]
  3412 | D:4      | Gained mutation: You are covered in fur. (AC +1) [Xom's
                  | grace]
  3412 | D:4      | Gained mutation: Your system is resistant to poisons.
                  | (rPois) [Xom's grace]
  3412 | D:4      | Gained mutation: You expend magic power (3 MP) to
                  | strengthen your wands. [Xom's grace]
  3440 | D:4      | Noticed Eustachio
  3493 | D:4      | Noticed an ogre
  3511 | D:3      | XOM: give mutations
  3511 | D:3      | Lost mutation: You expend magic power (3 MP) to strengthen
                  | your wands. [Xom's mischief]
  3511 | D:3      | Gained mutation: You are very frail. (-20% HP) [Xom's
                  | mischief]
  3511 | D:3      | Gained mutation: You are weak. (Str -2) [Xom's mischief]
  3549 | D:4      | Noticed Blork the orc
  3553 | D:4      | XOM: stat loss: -1 Str (7/8)
  3563 | D:4      | Killed Blork the orc
  3564 | D:4      | Reached XP level 6. HP: 14/33 MP: 7/7
  3729 | D:4      | XOM: stat loss: -1 Str (7/8)
  3803 | D:4      | XOM: polymorph quasit -> iron imp
  3805 | D:4      | Killed Eustachio
  3806 | D:4      | Reached skill level 8 in Stealth
  3806 | D:4      | Reached XP level 7. HP: 19/36 MP: 7/9
  4098 | D:4      | Noticed Sigmund
  4101 | D:4      | Killed Sigmund
  4125 | D:4      | Found a shimmering blue altar of Sif Muna.
  4125 | D:4      | XOM: 6-stop teleportation journey
  4141 | D:4      | XOM: noise
  4271 | D:4      | XOM: divination: detect creatures
  4349 | D:4      | Found a sacrificial altar of Ru.
  4390 | D:5      | XOM: noise
  4390 | D:5      | Entered Level 5 of the Dungeon
  4394 | D:5      | XOM: enchant monster (good)
  4423 | D:5      | Found a sand-covered staircase.
  4423 | D:5      | Found a hazy altar of Hepliaklqana.
  4423 | D:5      | XOM: 5-stop teleportation journey
  4432 | D:5      | XOM is BORED!
  4443 | Ossuary  | Entered an ossuary
  4486 | Ossuary  | XOM: 1-stop teleportation journey
  4752 | Ossuary  | Reached skill level 9 in Stealth
  4752 | Ossuary  | Reached XP level 8. HP: 43/43 MP: 10/10
  5297 | Ossuary  | XOM: scenery: 1 doors open, 2 doors close
  5360 | Ossuary  | XOM: polymorph scorpion -> boggart
  5361 | Ossuary  | XOM: scenery: 2 doors close
  5366 | Ossuary  | XOM: 9-stop teleportation journey
  5507 | Ossuary  | XOM: enchant monster (good)
  5510 | Ossuary  | XOM: cleaving
  5790 | Ossuary  | XOM: god gift: fuming pink potion {god gift}
  5916 | Ossuary  | XOM: scenery: 3 doors close
  6166 | D:5      | Reached skill level 10 in Stealth
  6198 | D:5      | Slain by a killer bee

Illustrated notes

Levels and vault maps discovered:
D:1:      minmay_arrival_stair_chambers, layout_loops_corners
D:2:      minmay_angry_zag, layout_loops_ring, roderic_roman_lattice,
          uniq_jessica, uniq_crazy_yiuf_cottage
D:3:      layout_basic, pdpol_wu_jian_five_deadly_venoms, xom_teletrap_fun,
          basic_ecumenical_altar, st_stairs_1
D:4:      layout_rooms, kennysheep_little_box, nicolae_ru_path_of_blood,
          hex_tiny, nrook_mini_vaults, uniq_sigmund, uniq_blork_the_orc,
          uniq_eustachio
D:5:      layout_basic, marbit_many_paths, nicolae_hepliaklqana_hazy_memory,
          nicolae_ossuary_entry_monument, serial_shops, shop, st_stairs_1,
          minmay_misc_feat_cross

Skill      XL: |  1  2  3  4  5  6  7  8 |
---------------+-------------------------+-----
Stealth        | 6 7 8 9 10 | 10.0
Invocations    | 1 2 3 4 |  4.2
Short Blades   | 3 4 |  4.6
Throwing       | 3 4 |  4.6
Fighting       | 3 4 |  4.6
Dodging        | |  1.0

Action                   |  1- 3 |  4- 6 |  7- 9 || total
-------------------------+-------+-------+-------++-------
Melee: Dagger            |    48 |   123 |   152 ||   323
       Constrict         |    11 |    23 |    30 ||    64
       Tentacles         |     4 |    16 |    32 ||    52
Throw: Dart              |       |     7 |    10 ||    17
Evoke: Wand              |       |       |     5 ||     5
  Use: Scroll            |       |     3 |     2 ||     5
       Potion            |       |       |     8 ||     8
 Stab: Sleeping          |    10 |    10 |     4 ||    24
       Distracted        |       |     1 |     3 ||     4
       Paralysed         |       |       |     1 ||     1
       Petrified         |       |       |     2 ||     2
Armor: Skin              |     3 |    12 |    50 ||    65
Dodge: Dodged            |    21 |    64 |   115 ||   200

Table legend: (Time is in decaauts)
 A = Elapsed time spent in this place.
 B = Non-inter-level travel time spent in this place.
 C = Inter-level travel time spent in this place.
 D = Time resting spent in this place.
 E = Time spent auto-exploring this place.
 F = Levels seen in this place.
 G = Mean time per level.
                   A        B        C        D        E       F      G
               +--------+--------+--------+--------+--------+-----+--------+
         Total |   6139 |   5873 |    266 |    923 |   3862 |   6 | 1023.2 |
       Dungeon |   4584 |   4318 |    266 |    112 |   3550 |   5 |  916.8 |
       Ossuary |   1554 |   1554 |      0 |    811 |    312 |   1 | 1554.0 |
               +--------+--------+--------+--------+--------+-----+--------+

Top non-repeatable levels by time:
 Ossuary: 1554 daAuts
     D:1: 1433 daAuts
     D:2: 1040 daAuts
     D:3: 966 daAuts
     D:4: 925 daAuts
     D:5: 219 daAuts
